 Dungeon Crawl Stone Soup version 0.15.0-12-gccce430 (webtiles) character file.

28201 CrazyArbalest the Quickloader (level 13, -13/98 HPs)
             Began as a Demonspawn Hunter on Sept 1, 2014.
             Was a High Priest of Okawaru.
             Mangled by Saint Roka
             ... wielding a +2 broad axe of venom
              (27 damage)
             ... on Level 4 of the Orcish Mines on Sept 2, 2014.
             The game lasted 04:43:27 (20551 turns).

CrazyArbalest the Quickloader (Demonspawn Hunter)  Turns: 20551, Time: 04:43:27

HP -13/98        AC 17     Str 15      XL: 13   Next:  8%
MP   0/19        EV 25     Int 15      God: Okawaru [*****.]
Gold 1482        SH  0     Dex 17      Spells:  0 memorised, 12 levels left

rFire  . . .     SeeInvis .     b - +1 hand crossbow
rCold  . . .     Clarity  .     d - +2 ring mail {rPois}
rNeg   . . .     rCorr    .     (no shield)
rPois  +         rRot     +     v - +1 helmet {Int+3}
rElec  .         Spirit   +     M - +0 cloak
SustAb .         Warding  .     E - +0 pair of gloves
rMut   .         Stasis   .     (boots unavailable)
Gourm  .                        w - amulet of guardian spirit
MR     .....                    Z - ring of poison resistance
                                L - +4 ring of evasion

@: heroism, finesse, drained, not resistant to hostile enchantments, fairly
stealthy
A: hooves 3, thin metallic scales 2, foul stench 1, powered by death 2, rot
immunity
a: Heroism, Finesse, Renounce Religion


You were on level 4 of the Orcish Mines.
You worshipped Okawaru.
Okawaru was extremely pleased with you.
You were not hungry.

You visited 4 branches of the dungeon, and saw 17 of its levels.
You also visited: Ossuary.

You collected 1538 gold pieces.
You spent 56 gold pieces at shops.

Inventory:

Hand weapons
 a - a +1 whip of flaming
 b - a +1 hand crossbow (weapon)
 k - a +0 morningstar
 p - a +1 arbalest of flaming
 t - a +0 whip of freezing
 y - a +1 flail of protection
 O - a +1 war axe of electrocution
 U - a +3 flail of protection
 V - a +2 war axe of venom
Missiles
 c - 8 bolts
 l - 4 bolts of penetration
 o - 22 poisoned bolts
 u - 33 silver bolts
 N - 13 bolts of flame (quivered)
Armour
 d - a +2 ring mail of poison resistance (worn)
 q - a +2 robe of the Archmagi
 r - the -3 ring mail of Phuuraqoypn {+Rage rF++}
   (Okawaru gifted it to you on level 11 of the Dungeon)

   It greatly protects you from fire.
   It lets you go berserk.
 v - a +1 helmet of intelligence (worn)
 B - a +0 pair of boots
 E - a +0 pair of gloves (worn)
 I - a +3 leather armour
 K - a +2 robe of cold resistance
 M - a +0 cloak (worn)
 R - a +1 leather armour of fire resistance
Magical devices
 x - a wand of teleportation (0)
 G - a wand of magic darts (5)
 Q - a wand of frost (13)
 W - a wand of flame (8)
Comestibles
 f - 7 bread rations
 g - 7 meat rations
 m - a beef jerky
 J - 2 rotting chunks of orc flesh
 T - 4 chunks of orc flesh
Scrolls
 i - 3 scrolls of amnesia
 j - 4 scrolls of remove curse
 n - a scroll of acquirement {unknown}
 s - 3 scrolls of noise
 A - a scroll of recharging
Jewellery
 w - an amulet of guardian spirit (around neck)
 L - a +4 ring of evasion (left hand)
 P - an uncursed ring of teleport control
 X - an uncursed ring of positive energy
 Z - a ring of poison resistance (right hand)
Potions
 h - 2 potions of curing
 z - a potion of lignification {unknown}
 C - a potion of magic {unknown}
 H - a potion of poison
Books
 e - a book of Annihilations {highlevel, unknown}

   This book is beyond your current level of understanding.

   Spells                             Type                      Level
   Poison Arrow                       Conjuration/Poison           6
   Chain Lightning                    Conjuration/Air              8
   Lehudib's Crystal Spear            Conjuration/Earth            8
   Glaciate                           Conjuration/Ice              9
   Fire Storm                         Conjuration/Fire             9
Rods
 S - a -3 rod of shadows (10/10)
   (You found it on level 6 of the Dungeon)


   Skills:
 + Level 7.6(12.4) Fighting
 - Level 5.3(12.5) Axes
 * Level 8.9(14.2) Maces & Flails
 * Level 10.9(15.6) Crossbows
 + Level 4.8(9.6) Armour
 + Level 10.8(15.5) Dodging
 + Level 4.0(8.8) Stealth
 + Level 3.1(2.9) Invocations
 + Level 2.2(2.0) Evocations


You had 12 spell levels left.
You didn't know any spells.

Dungeon Overview and Level Annotations

Branches:
Dungeon (11/15)            Temple (1/1) D:7             Orc (4/4) D:11
    Elf (0/3) Orc:3          Lair (1/8) D:10

Altars:
Dithmenos
Elyvilon
Fedhas
Kikubaaqudgha
Makhleb
Okawaru
Qazlal
Sif Muna
Trog
Vehumet
Xom
Yredelemnul
Beogh

Shops:
Orc:2 :   Orc:3 !   Orc:4 }:

Annotations:
D:10 salade2fruit's ghost, experienced TeIE
Orc:4 Saint Roka
Lair:1 bernadottes' ghost, powerful OgCK


Innate Abilities, Weirdness & Mutations

You have hooves in place of feet.
You are mostly covered in thin metallic scales (AC +3).
You emit a foul stench.
You can steal the life force of defeated enemies.
You are immune to rotting.


Message History

Unknown command.
Unknown command.
Unknown command.
Unknown command.
Unknown command.
Unknown command.
Unknown command.
Drink which item? (? for menu, Esc to quit)
You feel better.
Read which item? (? for menu, Esc to quit)
Okay, then.
Unknown command.
Evoke which item? (* to show all) (? for menu, Esc to quit)
Zapping:
x - a wand of teleportation {zapped: 2}
Press: ? - help, Shift-Dir - straight line, f - you, p - Saint Roka Nothing appears to happen.
Saint Roka roars a battle-cry!
The orc goes into a battle-frenzy!
Saint Roka hits you with a broad axe of venom!!
You die...

#######.#.# #..o# #.##.......
8....##.#.#####.8.#####..#.......
......#.#.#...#.(.#...#..........
8.....#.#.#...'.(.'...#..#....#..
###)._#.#)#...#.o(#oo.#.##.......
..')..#.#)# ##..(#####.# #......
8.#...#.#.## #8.(.8# ##.####...#.
..#..##.#..###.)o..###..#.#......
#######....[.##)@'##[[.......#...
............)..[)..))##[#........
####.......[[)[8.8.)##)..........
####.................##.#........
.#....)...........#.##...........
....##)##..#.......#....#.#......
.#.##...##.............######.#..
##.#.....#.#..........## #.....
#.#.._..#.#.......#..## #.....


You could see Saint Roka, an orc priest (frenzied) and an orc (frenzied).

Vanquished Creatures
  A stone giant (Orc:4)
  Erica (D:11)
  A hydra (D:10)
  An unseen horror (D:10)
  A silver statue (Orc:2)
  Pikel (D:7)
  A deep elf summoner (Orc:3)
  A hill giant (D:10)
  An orc knight (Orc:1)
  3 orc sorcerers (Orc:4)
  A manticore (D:10)
  The ghost of Aelig the Transmogrifier, an experienced OpTm of Ashenzari (D:8)
  4 ugly things
  Maurice (D:8)
  A spiny frog (Lair:1)
  Joseph (D:11)
  A gargoyle (D:10)
  An item mimic (Orc:3)
  A komodo dragon (Lair:1)
  2 trolls
  The ghost of HungrySpirit the Slasher, an average HuBe of Trog (D:4)
  4 two-headed ogres
  A slime creature (D:10)
  A griffon skeleton (D:11)
  A wraith (D:10)
  A deep elf mage (Orc:3)
  11 yaks
  Grum (D:11)
  2 steam dragons
  5 hippogriffs
  10 deep elf fighters (Orc:3)
  A hog (shapeshifter) (D:11)
  4 wolves (D:11)
  A hill giant skeleton (D:10)
  2 wargs
  A porcupine (Lair:1)
  3 ice beasts
  4 centaurs
  A necrophage (D:7)
  30 orc warriors
  8 sky beasts
  9 ogres
  A crocodile (Lair:1)
  3 phantoms
  Sigmund (D:4)
  Duvessa (D:7)
  2 elf zombies (Ossuary)
  5 giant frogs
  Blork the orc (Orc:1)
  2 gnoll sergeants (D:5)
  A wyvern zombie (D:11)
  3 scorpions
  A troll zombie (D:11)
  6 killer bees
  4 wights
  3 goliath beetles
  7 crimson imps
  4 centaur zombies
  A giant frog zombie (D:6)
  Dowan (D:7)
  A gnoll shaman (D:5)
  4 hounds
  A black bear zombie (D:8)
  21 orc priests
  2 quasits (Orc:2)
  2 iron imps
  2 giant frog skeletons
  9 worker ants
  4 jellies
  A shapeshifter simulacrum (D:10)
  38 orc wizards
  7 iguanas
  2 orange rats (Orc:3)
  8 ogre zombies
  3 big kobold zombies (Ossuary)
  5 mummies
  A worker ant zombie (D:7)
  17 gnolls
  4 shadow imps
  15 adders
  8 green rats (Lair:1)
  An inept item mimic (D:7)
  A giant mite (D:4)
  3 worms
  2 ufetubi (Orc:2)
  6 adder zombies (Ossuary)
  An iguana skeleton (D:11)
  An orc simulacrum (D:10)
  3 giant geckos
  3 oozes
  206 orcs
  10 bats
  2 bat skeletons (D:5)
  A bat zombie (D:8)
  3 giant cockroaches
  A gnoll zombie (Ossuary)
  23 goblins
  16 hobgoblins
  13 jackals
  7 quokkas
  2 ball pythons (D:1)
  A giant cockroach zombie (D:5)
  7 giant newts
  A giant newt skeleton (D:4)
  2 giant spores
  5 goblin zombies
  A hobgoblin skeleton (D:4)
  9 hobgoblin zombies
  6 jackal zombies (Ossuary)
  11 kobolds
  A kobold skeleton (D:4)
  4 kobold zombies
  4 orc skeletons
  31 orc zombies
  3 quokka zombies (Ossuary)
  16 rats
  A rat skeleton (D:5)
  3 rat zombies (Ossuary)
  7 ballistomycetes
748 creatures vanquished.

Vanquished Creatures (others)
  3 orc wizards
  2 orcs
  A quokka (D:7)
  A fungus (Lair:1)
7 creatures vanquished.

Grand Total: 755 creatures vanquished

Notes
Turn   | Place    | Note
--------------------------------------------------------------
     0 | D:1      | CrazyArbalest, the Demonspawn Hunter, began the quest for the Orb.
     0 | D:1      | Reached XP level 1. HP: 15/15 MP: 1/1
   225 | D:1      | Reached skill level 4 in Crossbows
   288 | D:1      | Gained mutation: You can steal the life force of nearby defeated enemies. [demonic ancestry]
   288 | D:1      | Reached XP level 2. HP: 21/21 MP: 2/2
   547 | D:1      | Found an iron altar of Okawaru.
   638 | D:1      | Became a worshipper of Warmaster Okawaru
   900 | D:2      | Found a deep blue altar of Sif Muna.
  1015 | D:2      | Gained mutation: You are partially covered in thin metallic scales (AC +2). [demonic ancestry]
  1015 | D:2      | Reached XP level 3. HP: 26/26 MP: 3/3
  1458 | D:2      | Noticed a moth of wrath
  1460 | D:2      | Found a bloodstained altar of Trog.
  1489 | D:2      | Reached skill level 1 in Armour
  1573 | D:2      | Reached skill level 1 in Stealth
  1573 | D:2      | Reached XP level 4. HP: 32/32 MP: 4/4
  2096 | D:3      | Reached skill level 1 in Maces & Flails
  2565 | D:4      | Found a sand-covered staircase.
  2580 | D:4      | Reached XP level 5. HP: 37/37 MP: 5/5
  2754 | Ossuary  | Entered an ossuary
  2788 | Ossuary  | Reached skill level 5 in Crossbows
  2891 | Ossuary  | Acquired Okawaru's first power
  3210 | Ossuary  | Gained mutation: You are immune to rotting. [demonic ancestry]
  3210 | Ossuary  | Reached XP level 6. HP: 31/44 MP: 3/6
  3988 | D:4      | Gained mutation: You emit a foul stench. [demonic ancestry]
  3988 | D:4      | Reached XP level 7. HP: 47/50 MP: 7/7
  4331 | D:4      | Noticed HungrySpirit's ghost (average HuBe)
  4399 | D:5      | Entered Level 5 of the Dungeon
  5352 | D:5      | Gained mutation: You are mostly covered in thin metallic scales (AC +3). [demonic ancestry]
  5352 | D:5      | Reached XP level 8. HP: 23/57 MP: 5/8
  5435 | D:4      | Noticed Sigmund
  6111 | D:4      | Found a basalt altar of Yredelemnul.
  6196 | D:4      | Reached skill level 6 in Crossbows
  6559 | D:6      | Found a blossoming altar of Fedhas.
  6649 | D:6      | Reached skill level 5 in Dodging
  7684 | D:6      | Gained mutation: You have large cloven feet. [demonic ancestry]
  7684 | D:6      | Reached XP level 9. HP: 29/64 MP: 7/9
  8072 | D:7      | Found a staircase to the Ecumenical Temple.
  8097 | D:7      | Noticed Dowan
  8098 | D:7      | Noticed Duvessa
  8115 | D:7      | Killed Dowan
  8185 | D:7      | Killed Duvessa
  8185 | D:7      | Reached skill level 1 in Invocations
  8363 | D:7      | Reached skill level 1 in Axes
  8373 | D:7      | Reached skill level 5 in Maces & Flails
  8549 | D:7      | Found a burning altar of Makhleb.
  8696 | D:7      | Found a white marble altar of Elyvilon.
  8729 | D:7      | Reached skill level 7 in Crossbows
  8793 | D:7      | Received a gift from Okawaru
  8923 | D:7      | Noticed Pikel
  9051 | D:7      | Killed Pikel
  9051 | D:7      | Received a gift from Okawaru
  9056 | D:7      | Received a gift from Okawaru
  9399 | D:8      | Reached XP level 10. HP: 73/73 MP: 12/12
  9539 | D:8      | Noticed Aelig's ghost (experienced OpTm)
  9551 | D:8      | Reached skill level 5 in Fighting
  9566 | D:8      | Killed Aelig's ghost
  9566 | D:8      | Received a gift from Okawaru
  9594 | D:8      | Noticed a hell beast
  9597 | D:8      | Found a basalt altar of Yredelemnul.
  9597 | D:8      | Noticed an iron devil
  9597 | D:8      | Noticed an iron devil
  9878 | D:8      | Noticed Maurice
  9903 | D:8      | Killed Maurice
  9903 | D:8      | Acquired Okawaru's second power
 10112 | D:9      | Reached skill level 8 in Dodging
 10236 | D:9      | Noticed a cyan ugly thing
 10242 | D:9      | Killed a cyan ugly thing
 10242 | D:9      | Received a gift from Okawaru
 11164 | Temple   | Entered the Ecumenical Temple
 11305 | D:4      | Killed Sigmund
 11350 | D:4      | Killed HungrySpirit's ghost
 12063 | D:10     | Entered Level 10 of the Dungeon
 12070 | D:10     | Noticed salade2fruit's ghost (experienced TeIE)
 12553 | D:10     | Gained mutation: You can steal the life force of defeated enemies. [demonic ancestry]
 12553 | D:10     | Reached XP level 11. HP: 81/81 MP: 14/14
 12573 | D:10     | Noticed a six-headed hydra
 12573 | D:10     | Noticed a purple ugly thing
 12640 | D:10     | Received a gift from Okawaru
 12970 | D:10     | Noticed a hill giant
 13065 | D:9      | Reached skill level 1 in Evocations
 13112 | D:10     | Found a staircase to the Lair.
 13215 | D:10     | Killed a hill giant
 13312 | D:10     | Reached skill level 9 in Dodging
 13422 | D:10     | Killed an unseen horror
 13831 | D:10     | Killed a six-headed hydra
 13868 | D:10     | Killed a purple ugly thing
 13868 | D:10     | Received a gift from Okawaru
 13937 | D:10     | Received a gift from Okawaru
 14060 | D:10     | Noticed a manticore
 14070 | D:10     | Killed a manticore
 14124 | Lair:1   | Entered Level 1 of the Lair of Beasts
 14393 | Lair:1   | Received a gift from Okawaru
 14411 | Lair:1   | Noticed bernadottes' ghost (powerful OgCK)
 14451 | Lair:1   | HP: 4/81 [bernadottes' ghost (23)]
 14734 | D:11     | Received a gift from Okawaru
 14766 | D:11     | Noticed Grum
 14794 | D:11     | Killed Grum
 14831 | D:11     | Received a gift from Okawaru
 14831 | D:11     | Reached skill level 10 in Dodging
 14856 | D:11     | Gained mutation: You have hoof-like feet. [demonic ancestry]
 14856 | D:11     | Reached XP level 12. HP: 54/89 MP: 7/17
 14891 | D:11     | Got a brightly glowing ring mail {god gift}
 14926 | D:11     | Noticed Joseph
 14993 | D:11     | Found a staircase to the Orcish Mines.
 15301 | D:11     | Identified the -3 ring mail of Phuuraqoypn {+Rage rF++} (Okawaru gifted it to you on level 11 of the Dungeon)
 15414 | D:11     | Killed Joseph
 15590 | D:11     | Reached skill level 5 in Axes
 15820 | D:11     | Noticed Erica
 15833 | D:11     | Killed Erica
 16128 | Orc:1    | Entered Level 1 of the Orcish Mines
 16537 | Orc:1    | Found an iron altar of Okawaru.
 16539 | Orc:1    | Noticed Blork the orc
 16546 | Orc:1    | Killed Blork the orc
 16713 | Orc:2    | Found Cegoacas' Book Shoppe.
 17284 | Orc:3    | Reached skill level 10 in Crossbows
 17443 | Orc:3    | Found a staircase to the Elven Halls.
 17492 | Orc:3    | Found Oryth's Distillery.
 17503 | Orc:3    | Bought a potion of poison for 14 gold pieces
 17503 | Orc:3    | Bought a potion of heal wounds for 42 gold pieces
 18485 | Orc:3    | Received a gift from Okawaru
 18729 | Orc:4    | Entered Level 4 of the Orcish Mines
 19188 | Orc:4    | Found a roughly hewn altar of Beogh.
 19205 | Orc:4    | Found Kaolosac's Gadget Shop.
 19250 | Orc:4    | Found a roughly hewn altar of Beogh.
 19377 | Orc:4    | Noticed Saint Roka
 19628 | Orc:4    | Noticed a stone giant
 19984 | Orc:4    | Received a gift from Okawaru
 20067 | Orc:4    | Killed a stone giant
 20067 | Orc:4    | Gained mutation: You have hooves in place of feet. [demonic ancestry]
 20067 | Orc:4    | Reached XP level 13. HP: 21/97 MP: 7/19
 20203 | Orc:4    | Found a roughly hewn altar of Beogh.
 20218 | Orc:4    | Paralysed by an orc sorcerer for 5 turns
 20372 | Orc:4    | Found a roughly hewn altar of Beogh.
 20373 | Orc:4    | Found Frumawnaaze's Book Boutique.
 20551 | Orc:4    | Mangled by Saint Roka

Action                   |  1- 3 |  4- 6 |  7- 9 | 10-12 | 13-15 || total
-------------------------+-------+-------+-------+-------+-------++-------
Melee: Mace              |    30 |       |       |       |       ||    30
       Short sword       |    13 |       |       |       |       ||    13
       Whip              |    52 |   475 |   320 |       |       ||   847
       Flail             |       |       |   318 |       |       ||   318
       War axe           |       |       |   167 |  1393 |    55 ||  1615
 Fire: Hand crossbow     |    40 |    34 |    66 |   263 |    32 ||   435
Invok: Heroism           |       |       |     5 |    10 |     2 ||    17
       Finesse           |       |       |       |       |     1 ||     1
Evoke: Wand              |       |       |     8 |    22 |       ||    30
  Use: Scroll            |       |     2 |     8 |     5 |       ||    15
       Potion            |       |       |     1 |     6 |     3 ||    10
 Stab: Sleeping          |       |       |     1 |     9 |       ||    10
       Invisible         |       |       |       |     2 |       ||     2
       Distracted        |       |       |       |     2 |       ||     2
  Eat: Chunk             |     1 |     4 |    13 |    24 |     2 ||    44
       Pizza             |       |     1 |       |     1 |       ||     2
       Bread ration      |       |     1 |       |     1 |       ||     2
       Beef jerky        |       |       |     4 |     5 |       ||     9
